 Dungeon Crawl Stone Soup version 0.29-a0-1065-g47a6bb87d6 (webtiles) character file.

Game seed: 17456866218976142

384540 Draconaut the Eclecticist (level 24, -6/174 HPs)
             Began as a Djinni Fire Elementalist on Aug 15, 2022.
             Was the Champion of Makhleb.
             Mangled by an ironbound thunderhulk
             ... wielding a +0 dire flail
              (38 damage)
             ... on level 4 of the Vaults on Aug 19, 2022.
             The game lasted 06:35:40 (70522 turns).

Draconaut the Eclecticist (DjFE)                   Turns: 70522, Time: 06:35:41

Health: -6/174     AC: 10    Str: 13    XL:     24   Next: 4%
Gold:   1778       EV: 24    Int: 24    God:    Makhleb [******] SH: 18 Dex: 19

rFire   + + .      SeeInvis +   V - staff of conjuration
rCold   . . .      Faith    .   g - +4 kite shield
rNeg    . . .      Spirit   .   Z - +2 robe {Archmagi}
rPois   ∞          Reflect  .   O - +2 hat {Will+}
rElec   +          Harm     .   L - scarf {repulsion}
rCorr   +          Rampage  .   P - +2 pair of gloves
Will    +++..      Archmagi +   (boots unavailable)
Stlth   +++.......              n - amulet of regeneration
HPRegen 1.19/turn               C - ring of Asarchuvu {*Corrode rElec rPois Str+6 SInv}
MPRegen 0.00/turn               m - ring of Ocecynli {rC+ rCorr MP+9 SInv}

@: flying, studying Unarmed Combat, repel missiles
A: sickness immunity, fire resistance 2, cold vulnerability 1, float, innate
caster, HP casting, extra vitality 1
}: 2/15 runes: barnacled, gossamer
a: Renounce Religion, Minor Destruction, Lesser Servant of Makhleb, Major
Destruction, Greater Servant of Makhleb


You were on level 4 of the Vaults.
You worshipped Makhleb.
Makhleb was exalted by your worship.
You visited 8 branches of the dungeon, and saw 38 of its levels.
You visited 1 bazaar.
You also visited: Wizlab.

You collected 6214 gold pieces.
You spent 4436 gold pieces at shops.

Inventory:

Hand Weapons
 b - the +3 long sword of Earthquakes {drain, rPois rC++}
   (You found it on level 4 of the Shoals)

   A truly terrible weapon, it drains the life of any living foe it strikes.
   rC:        It greatly protects you from cold.
   rPois:     It protects you from poison.
Armour
 g - a +4 kite shield (worn)
 L - a scarf of repulsion (worn)
 O - a +2 hat of willpower (worn)
 P - a +2 pair of gloves (worn)
 Z - a +2 robe of the Archmagi (worn)
Magical Staves
 V - a staff of conjuration (weapon)
Jewellery
 e - the ring "Tivun" {Will+ rCorr Int+2 SInv}
   (You found it on level 3 of the Elven Halls)

   [ring of resist corrosion]

   Int:       It affects your intelligence (+2).
   SInv:      It lets you see invisible.
   rCorr:     It protects you from acid and corrosion.
   Will:      It increases your willpower.
 m - the ring of Ocecynli (right hand) {rC+ rCorr MP+9 SInv}
   (You found it on level 4 of the Shoals)

   [ring of resist corrosion]

   rC:        It protects you from cold.
   MP:        It affects your magic capacity (+9).
   SInv:      It lets you see invisible.
   rCorr:     It protects you from acid and corrosion.
 n - an amulet of regeneration (around neck)
 o - a ring of protection from cold
 r - a ring of positive energy
 C - the ring of Asarchuvu (left hand) {*Corrode rElec rPois Str+6 SInv}
   (You found it on level 4 of the Shoals)

   [ring of strength]

   Str:       It affects your strength (+6).
   rElec:     It insulates you from electricity.
   rPois:     It protects you from poison.
   SInv:      It lets you see invisible.
   *Corrode:  It may corrode you when you take damage.
 E - an amulet of reflection
 S - the amulet "Togrep" {RegenMP rPois Will+ Str-5}
   (You took it off a deep elf master archer on level 3 of the Elven Halls)

   [amulet of magic regeneration]

   It increases your rate of magic regeneration.
   Str:       It affects your strength (-5).
   rPois:     It protects you from poison.
   Will:      It increases your willpower.
 T - the ring of the Red Skies {rPois rN+++ rCorr Dex-2 Slay+4}
   (You bought it in a shop on level 2 of the Orcish Mines)

   [ring of slaying]

   Dex:       It affects your dexterity (-2).
   Slay:      It affects your accuracy & damage with ranged weapons and melee
   (+4).
   rPois:     It protects you from poison.
   rN:        It renders you almost immune to negative energy.
   rCorr:     It protects you from acid and corrosion.
Wands
 l - a wand of mindburst (33)
 z - a wand of iceblast (7)
 H - a wand of digging (10)
 N - a wand of quicksilver (24)
Scrolls
 a - 6 scrolls of fog
 c - 12 scrolls of teleportation
 f - 3 scrolls of magic mapping
 j - 8 scrolls of vulnerability
 q - a scroll of summoning
 t - 6 scrolls of silence
 v - 4 scrolls of fear
 y - 4 scrolls of torment
 I - 7 scrolls of blinking
 J - 2 scrolls of poison
 K - 3 scrolls of brand weapon
 Q - 3 scrolls of immolation
 W - 4 scrolls of enchant armour
Potions
 d - 2 potions of resistance
 h - 9 potions of brilliance
 i - 6 potions of cancellation
 k - 17 potions of curing
 p - 11 potions of heal wounds
 s - 11 potions of might
 w - 6 potions of lignification
 x - 11 potions of mutation
 A - 9 potions of haste
 B - 5 potions of invisibility
 G - 8 potions of ambrosia
 M - 7 potions of attraction
Miscellaneous
 u - a lightning rod (4/4)
 U - a condenser vane


   Skills:
 * Level 15.6 Fighting
 * Level 9.7 Staves
 * Level 11.2 Armour
 * Level 19.0 Dodging
 + Level 5.6 Stealth
 + Level 13.7 Shields
 + Level 20.1 Spellcasting
 * Level 12.2 Invocations
 + Level 2.3 Evocations


You couldn't memorise any spells.
You knew the following spells:

 Your Spells              Type           Power      Damage    Failure   Level
a - Foxfire               Conj/Fire      100%       2x1d9     0%          1
b - Scorch                Fire           100%       2d10      0%          2
c - Searing Ray           Conj           100%       2d8       0%          2
d - Inner Flame           Hex/Fire       100%       N/A       0%          3
e - Flame Wave            Conj/Fire      100%       2d21      0%          4
f - Summon Lightning Spi  Summ/Air       100%       N/A       0%          4
g - Fireball              Conj/Fire      67%        3d25      1%          5
h - Vampiric Draining     Necr           100%       2d13      0%          3
i - Orb of Destruction    Conj           67%        9d16      1%          7
j - Statue Form           Tmut/Erth      73%        N/A       1%          6
k - Metabolic Englaciati  Hex/Ice        55%        N/A       1%          5
l - Conjure Flame         Conj/Fire      100%       6-21      0%          3
m - Summon Small Mammal   Summ           100%       N/A       0%          1
n - Eringya's Noxious Bo  Tmut/Pois      55%        N/A       1%          6
o - Discord               Hex            55%        N/A       6%          8
p - Infestation           Necr           55%        N/A       6%          8
Your spell library was empty.

Dungeon Overview and Level Annotations

Branches:
Dungeon (15/15)            Temple (1/1) D:7            Lair (5/5) D:10
 Shoals (4/4) Lair:3       Spider (4/4) Lair:2        Slime (0/5) Lair:5
    Orc (2/2) D:11            Elf (3/3) Orc:2        Vaults (4/5) D:13
  Crypt (0/3) Vaults:2     Depths (0/4) D:15         WizLab (visited)

Altars:
Ashenzari
Cheibriados
Dithmenos
Elyvilon
Fedhas
Gozag
Hepliaklqana
Makhleb
Nemelex Xobeh
Okawaru
Qazlal
Ru
Trog
Uskayaw
Wu Jian
Xom
Yredelemnul
Zin
The Shining One
Jiyva
Lugonu

Shops:
D:9 *   Orc:2 (?=([   Elf:1 **   Elf:3 ?**?*   Vaults:1 :   Vaults:3 (
Vaults:4 !?*

Portals:
Abyss: Shoals:4

Annotations:
Lair:2 exclusion: 2 oklob plants


Innate Abilities, Weirdness & Mutations

You are immune to sickness and miasma.
You are immune to poison.
Your flesh is very heat resistant. (rF++)
You are vulnerable to cold. (rC-)
You float through the air rather than walking.
You learn spells naturally, not from books.
Your magical power is your life essence.
You have superior vitality. (+4 MHP)


Message History

You feel a strong surge of power!
The fireball explodes!
The fireball engulfs the yaktaur captain!!
The yaktaur captain is severely wounded.
The fireball engulfs the yaktaur!!!
You kill the yaktaur!
Makhleb accepts your kill.
* * * LOW HITPOINT WARNING * * *
A death scarab bursts from the yaktaur!
The yaktaur captain wields a +0 arbalest.
The yaktaur captain shoots a bolt.
The bolt misses you.
Strange energies crackle from the ironbound thunderhulk's apparatus.
The ironbound thunderhulk blinks!
The yaktaur shoots a bolt.
The bolt hits you!
* * * LOW HITPOINT WARNING * * *
Unknown command.
Unknown command.
Unknown command.
Casting: Fireball (safe; 1% risk of failure)
Confirm with . or Enter, or press ? or * to list all spells.
Casting: Discord (dangerous; 6% risk of failure)
Press: ? - help, Dir - look around, f - activate You feel a surge of power!
Your death scarab resists with some effort.
The yaktaur captain flies into a frenzy!
The ironbound thunderhulk flies into a frenzy!
The yaktaur captain flies into a frenzy!
The yaktaur shakes off its lethargy.
The yaktaur flies into a frenzy!
* * * LOW HITPOINT WARNING * * *
The yaktaur captain hits the yaktaur captain!
The yaktaur captain unwields a +0 arbalest.
The yaktaur captain hits the yaktaur captain!!
Your death scarab bites the yaktaur captain!
Your death scarab drains the yaktaur captain's vigour!
The yaktaur captain seems to slow down.
Your death scarab draws strength from the yaktaur captain's injuries!
Something hits your death scarab. The ironbound thunderhulk misses you.
The yaktaur captain hits the yaktaur!!
Your death scarab barely misses the yaktaur captain.
The ironbound thunderhulk attacks as you move away!
The ironbound thunderhulk hits you with a +0 dire flail!!!
You die...

#..# #..# #..# ) #..#
c# #..# c#
#..##############..#
#..'.....B.<...'...#..
#..#.....#.O...#.c...#
#..#.....#@....cc..[.#
#..#.....#.....#.B.))#
#..#....###....# ..#..
#..#.#### ####.# .#
#..#....###....# .#
#..#.....#.....# .#
#..#.....#.....# .
#..#.....#.....#
#..#...........#


You could see a neutral ironbound thunderhulk (fast, strong, insane), 2 neutral
yaktaur captains, a neutral yaktaur (fast, strong, insane, distracted, infested)
and 2 friendly death scarabs.

Vanquished Creatures
  Nikola (Vaults:1)
  Jorgrun (Spider:3)
  Mlioglotl (Shoals:3)
  A lich (Vaults:2)
  Asterion (Spider:1)
  An acid blob (WizLab)
  2 deep elf blademasters (Elf:3)
  3 deep elf master archers (Elf:3)
  3 sphinxes
  Polyphemus (Shoals:2)
  Kirke (D:13)
  Frances (Spider:2)
  Donald (Shoals:2)
  A tengu reaver (Vaults:4)
  An orc warlord (Orc:2)
  8 emperor scorpions
  13 deep elf sorcerers
  2 ghost moths (Spider:4)
  7 vault wardens
  9 ironbound preservers
  2 demonspawn corrupters (WizLab)
  4 deep elf elementalists (Elf:3)
  4 broodmothers
  A stone giant (WizLab)
  2 very ugly things (Vaults:3)
  5 ironbound thunderhulks
  6 deep elf demonologists
  12 deep elf annihilators (Elf:3)
  A dire elephant (Vaults:3)
  5 entropy weavers
  5 spark wasps
  6 deep elf death magi
  10 merfolk impalers
  An ettin (D:15)
  3 deep elf high priests
  8 merfolk javelineers
  5 great orbs of eyes
  3 vault guards
  11 hydras
  7 boulder beetles
  3 ironbound frosthearts
  A jorogumo (Spider:4)
  An ogre mage (D:15)
  3 catoblepae
  A radroach (Spider:4)
  2 satyrs
  8 two-headed ogres
  A death knight (D:15)
  2 merfolk avatars
  3 tengu warriors
  2 alligator snapping turtles (Shoals:4)
  17 centaur warriors
  31 dancing weapons
  14 death yaks
  3 merfolk aquamancers (WizLab)
  2 orc high priests (Orc:2)
  Amaemon (D:8)
  22 deep elf knights
  6 pharaoh ants
  10 skeletal warriors
  2 sun moths
  8 sea snakes
  22 deep trolls
  2 spriggan druids (WizLab)
  A glowing orange brain (Vaults:2)
  7 steelbarb worms
  Pikel (D:5)
  An obsidian statue (Vaults:3)
  7 deep elf archers
  A kraken simulacrum (Shoals:4)
  9 orb spiders
  6 wizards
  41 deep elf zephyrmancers
  A necromancer (D:15)
  2 orc knights
  9 ironbound convokers
  38 deep elf pyromancers
  17 harpies
  9 cyclopes
  15 fauns
  3 orc sorcerers
  13 ugly things
  19 wolf spiders
  13 manticores
  5 worldbinders (WizLab)
  5 elephants (Lair:5)
  4 moths of wrath
  3 merfolk sirens
  3 black mambas (Lair:5)
  8 water nymphs
  10 vault sentinels
  An orange demon (D:8)
  A torpor snail (shapeshifter) (WizLab)
  2 cane toads (shapeshifter)
  Maggie (D:6)
  4 gargoyles
  8 cane toads
  7 rime drakes
  3 freezing wraiths
  A kobold demonologist (D:13)
  14 demonic crawlers
  8 komodo dragons
  A tengu conjurer (D:15)
  14 yaktaurs
  30 merfolk
  5 trolls
  8 wind drakes
  A tarantella (shapeshifter) (D:14)
  8 blink frogs
  9 slime creatures
  9 dream sheep
  22 tarantellas
  10 snapping turtles
  Sigmund (D:4)
  3 wraiths
  16 culicivoras
  19 jumping spiders
  39 yaks
  7 wyverns
  2 vampires
  5 hogs (D:13)
  5 fire elementals
  8 basilisks
  4 water elementals
  38 redbacks
  9 vampire mosquitoes (D:12)
  Edmund (D:6)
  5 wargs
  An acid dragon (D:13)
  8 water moccasins
  A nameless horror (D:8)
  A hell hound (D:15)
  43 orc warriors
  A swamp drake (D:9)
  3 sky beasts
  2 black bears
  10 wolves
  6 ogres
  4 centaurs
  3 lemures (D:5)
  A phantom (D:4)
  Blork the orc (D:6)
  A kobold brigand (D:8)
  11 bullfrogs
  A gnoll sergeant (D:11)
  2 earth elementals
  A scorpion (D:6)
  3 wights (D:7)
  4 electric eels
  5 howler monkeys
  A crimson imp (D:9)
  An iron imp (D:9)
  A jelly (D:4)
  23 orc priests
  5 hounds
  A gnoll bouda (D:8)
  5 iguanas
  25 orc wizards
  6 hell rats (D:15)
  2 human simulacra (D:13)
  8 adders
  12 gnolls
  A shadow imp (D:7)
  2 white imps
  2 ufetubi (D:7)
  7 worms
  138 orcs
  10 endoplasms
  4 giant cockroaches
  3 goblins
  8 hobgoblins
  5 quokkas
  7 ball pythons
  12 bats
  A frilled lizard (D:2)
  10 kobolds
  5 rats
  A bush (Lair:1)
  A foxfire (Elf:3)
  A lurking horror (Shoals:4)
1328 creatures vanquished.

Vanquished Creatures (collateral kills)
  Frederick (Vaults:3)
  A deep elf master archer (Elf:3)
  A deep elf sorcerer (WizLab)
  6 vault wardens
  4 ironbound preservers
  2 orc warlords
  2 demonspawn corrupters (WizLab)
  4 ironbound thunderhulks
  5 very ugly things
  An entropy weaver (Spider:2)
  A crystal guardian (Vaults:3)
  A fire dragon (D:14)
  3 yaktaur captains
  A deep elf high priest (Elf:3)
  4 great orbs of eyes
  A hydra (Lair:5)
  A peacekeeper (Vaults:3)
  2 boulder beetles
  2 vault guards (Vaults:4)
  3 ironbound frosthearts
  A merfolk aquamancer (WizLab)
  3 catoblepae
  8 centaur warriors
  5 death yaks
  An orc high priest (Orc:2)
  24 deep trolls
  A steelbarb worm (Spider:1)
  6 lindwurms
  12 ironbound convokers
  4 wizards
  2 deep elf pyromancers
  12 harpies
  2 wolf spiders (Spider:1)
  2 orc knights
  An orc sorcerer (Orc:1)
  18 ugly things
  An oklob plant (Lair:3)
  2 manticores
  2 cyclopes (D:10)
  8 vault sentinels
  2 black mambas
  A cane toad (Lair:2)
  16 yaktaurs
  A rime drake (Lair:4)
  2 efreet (D:14)
  4 komodo dragons
  2 tengu conjurers
  2 trolls
  A meliai (shapeshifter) (D:10)
  A polar bear (Lair:4)
  2 merfolk
  6 blink frogs
  12 slime creatures (Vaults:1)
  A dream sheep (Lair:5)
  4 jumping spiders
  A shadow (D:11)
  3 culicivoras (Spider:2)
  A vampire (D:10)
  A wraith (D:9)
  15 yaks
  A wyvern (Lair:2)
  A basilisk (D:15)
  A hog (D:13)
  6 redbacks
  3 wargs
  5 water moccasins
  8 orc warriors
  An ice beast (D:6)
  A centaur (D:11)
  2 bullfrogs
  A necrophage (D:6)
  3 orc priests
  An iguana (D:6)
  2 orc wizards
  A gnoll (D:8)
  6 orcs (Orc:2)
  A bat (Shoals:1)
  13 foxfires
296 creatures vanquished.

Vanquished Creatures (others)
  A vault warden (Vaults:2)
  2 ironbound preservers
  4 very ugly things
  2 centaur warriors
  2 deep trolls
  A wizard (Vaults:2)
  A harpy (Vaults:2)
  An ironbound convoker (Vaults:2)
  3 lindwurms (Vaults:2)
  2 orc knights (Vaults:3)
  3 ugly things
  3 yaktaurs
  An orc wizard (D:9)
  A shadow imp (D:9)
  An orc (D:9)
  1917 foxfires
  34 fungi
  138 plants
2117 creatures vanquished.

Grand Total: 3741 creatures vanquished

Notes
Turn   | Place    | Note
-------+----------+-------------------------------------------
     0 | D:1      | Draconaut the Djinni Fire Elementalist began the quest for
                  | the Orb.
     0 | D:1      | Draconaut set off with the following spells memorised:
                  | Foxfire, Scorch, Conjure Flame, Inner Flame, Flame Wave.
     0 | D:1      | Reached XP level 1. HP: 15/15 MP: 0/0
    94 | D:1      | Reached XP level 2. HP: 13/21 MP: 0/0
   609 | D:1      | Reached skill level 3 in Spellcasting
   847 | D:1      | Reached XP level 3. HP: 24/25 MP: 0/0
   847 | D:1      | Learned a level 1 spell: Summon Small Mammal
  2019 | D:2      | Reached XP level 4. HP: 23/31 MP: 0/0
  2352 | D:2      | Reached XP level 5. HP: 34/36 MP: 0/0
  2352 | D:2      | Learned a level 2 spell: Searing Ray
  2890 | D:3      | Identified the +1 pair of boots "Tissa" {rN+ Will- Str+5
                  | SInv}
  3280 | D:3      | Found a faded altar of an unknown god.
  3743 | D:4      | Reached skill level 4 in Spellcasting
  4427 | D:4      | Noticed a phantom
  4438 | D:4      | Killed a phantom
  4439 | D:4      | Reached skill level 1 in Fighting
  4439 | D:4      | Reached XP level 6. HP: 27/42 MP: 0/0
  4607 | D:4      | Reached skill level 1 in Armour
  4741 | D:4      | Noticed Sigmund
  4920 | D:4      | Killed Sigmund
  4921 | D:4      | Reached skill level 5 in Spellcasting
  4921 | D:4      | Reached XP level 7. HP: 41/49 MP: 0/0
  4921 | D:4      | Learned a level 3 spell: Vampiric Draining
  5152 | D:5      | Entered Level 5 of the Dungeon
  5255 | D:5      | Found a hazy altar of Hepliaklqana.
  5256 | D:5      | Found a bloodstained altar of Trog.
  5261 | D:5      | Found a blossoming altar of Fedhas.
  5262 | D:5      | Found a broken altar of Ashenzari.
  5544 | D:5      | Noticed Pikel
  5559 | D:5      | Killed Pikel
  5560 | D:5      | Reached skill level 1 in Staves
  5560 | D:5      | Reached XP level 8. HP: 32/56 MP: 0/0
  6636 | D:6      | Noticed Maggie
  6705 | D:6      | Reached skill level 6 in Spellcasting
  6970 | D:6      | Noticed Blork the orc
  7130 | D:6      | Killed Blork the orc
  7197 | D:6      | Noticed Edmund
  7619 | D:6      | Reached skill level 5 in Dodging
  7619 | D:6      | Reached XP level 9. HP: 28/61 MP: 0/0
  7619 | D:6      | Learned a level 4 spell: Summon Lightning Spire
  8351 | D:6      | Killed Edmund
  8800 | D:6      | Killed Maggie
  8801 | D:6      | Reached skill level 5 in Armour
  9580 | D:6      | Found a shadowy altar of Dithmenos.
  9786 | D:7      | Reached skill level 7 in Spellcasting
  9941 | D:7      | Reached XP level 10. HP: 60/69 MP: 0/0
 10198 | D:7      | Found a staircase to the Ecumenical Temple.
 10272 | Temple   | Entered the Ecumenical Temple
 10321 | Temple   | Upgraded the game from 0.29-a0-1033-gb6c65ffae6 to
                  | 0.29-a0-1043-g569b05d6ff
 10326 | Temple   | Became a worshipper of Makhleb the Destroyer
 11048 | D:8      | Reached skill level 5 in Fighting
 11098 | D:8      | Noticed an orange demon
 11642 | D:8      | Reached skill level 8 in Spellcasting
 11916 | D:8      | Killed an orange demon
 12039 | D:8      | Noticed Amaemon
 12058 | D:8      | Killed Amaemon
 12677 | D:9      | Found Lacoetob's General Store.
 12685 | D:9      | Bought a scroll of blinking for 82 gold pieces
 12741 | D:9      | Noticed a boulder beetle
 13138 | D:9      | Found a glowing golden altar of the Shining One.
 13139 | D:9      | Found a basalt altar of Yredelemnul.
 13290 | D:9      | Reached * piety under Makhleb
 13297 | D:9      | Noticed a deep elf pyromancer
 13367 | D:9      | Noticed a two-headed ogre
 13904 | D:9      | Reached XP level 11. HP: 55/76 MP: 0/0
 13904 | D:9      | Learned a level 5 spell: Fireball
 14456 | D:10     | Entered Level 10 of the Dungeon
 14986 | D:10     | Found a staircase to the Lair.
 15284 | D:10     | Noticed a purple ugly thing
 15284 | D:10     | Noticed an orc knight
 15285 | D:10     | Noticed a faun
 15286 | D:10     | Noticed a centaur warrior
 15286 | D:10     | Noticed a boulder beetle
 15304 | D:10     | Noticed a green ugly thing
 15306 | D:10     | Killed a purple ugly thing
 15307 | D:10     | Reached skill level 9 in Spellcasting
 15310 | D:10     | Killed a green ugly thing
 15570 | D:9      | Killed a deep elf pyromancer
 16057 | D:9      | Noticed a deep elf pyromancer
 16069 | D:9      | Killed a deep elf pyromancer
 16816 | D:10     | Noticed a manticore
 16822 | D:10     | Killed a manticore
 16886 | D:10     | Noticed a cyclops
 16896 | D:10     | Killed a cyclops
 17085 | D:10     | Noticed a boulder beetle
 17106 | D:10     | Noticed a cyclops
 17267 | D:10     | Killed a cyclops
 17483 | D:10     | Killed an orc knight
 17697 | Lair:1   | Entered Level 1 of the Lair of Beasts
 17715 | Lair:1   | Reached XP level 12. HP: 8/84 MP: 0/0
 18465 | Lair:1   | Reached skill level 10 in Spellcasting
 19436 | Lair:2   | Noticed a catoblepas
 19446 | Lair:2   | Killed a catoblepas
 19489 | Lair:2   | Noticed a catoblepas
 19497 | Lair:2   | Killed a catoblepas
 19807 | Lair:2   | Noticed a five-headed hydra
 19820 | Lair:2   | Killed a five-headed hydra
 19921 | Lair:2   | Reached skill level 11 in Spellcasting
 20037 | Lair:2   | Reached XP level 13. HP: 80/92 MP: 0/0
 20037 | Lair:2   | Learned a level 5 spell: Metabolic Englaciation
 20148 | Lair:2   | Found a hole to the Spider Nest.
 20158 | Lair:2   | Reached ** piety under Makhleb
 20165 | Lair:2   | Reached skill level 1 in Shields
 21301 | Lair:3   | Noticed an eight-headed hydra
 21309 | Lair:3   | Killed an eight-headed hydra
 22303 | Lair:3   | Found a staircase to the Shoals.
 24008 | Lair:4   | Noticed an eight-headed hydra
 24014 | Lair:4   | Noticed a seven-headed hydra
 24015 | Lair:4   | Killed an eight-headed hydra
 24016 | Lair:4   | Reached skill level 10 in Dodging
 24022 | Lair:4   | Killed a seven-headed hydra
 24104 | Lair:4   | Reached skill level 12 in Spellcasting
 24543 | Lair:4   | Identified a scroll of acquirement
 24548 | Lair:4   | Acquired the ring "Xucsat" {rPois Dex+6 Slay+3}
 24583 | Lair:5   | Entered Level 5 of the Lair of Beasts
 24670 | Lair:5   | Reached *** piety under Makhleb
 24681 | Lair:5   | Reached XP level 14. HP: 90/99 MP: 0/0
 25024 | Lair:5   | Reached skill level 10 in Armour
 25293 | Lair:5   | Reached **** piety under Makhleb
 25451 | Lair:5   | Found a staircase to the Slime Pits.
 25451 | Lair:5   | Found a viscous altar of Jiyva.
 25710 | Lair:5   | Reached skill level 5 in Shields
 26036 | Lair:5   | Reached skill level 5 in Staves
 26717 | Lair:5   | Reached skill level 13 in Spellcasting
 27086 | Lair:5   | Reached ***** piety under Makhleb
 27117 | Lair:5   | Reached XP level 15. HP: 79/107 MP: 0/0
 27117 | Lair:5   | Learned a level 6 spell: Statue Form
 28756 | D:10     | Acquired 1044 gold pieces
 28819 | D:9      | Bought a scroll of teleportation for 33 gold pieces
 28819 | D:9      | Bought a potion of curing for 33 gold pieces
 28819 | D:9      | Bought a potion of invisibility for 88 gold pieces
 29053 | D:11     | Found a staircase to the Orcish Mines.
 29082 | D:11     | Reached skill level 10 in Fighting
 30413 | Orc:1    | Entered Level 1 of the Orcish Mines
 31255 | Orc:1    | Reached ****** piety under Makhleb
 31549 | Orc:2    | Entered Level 2 of the Orcish Mines
 31861 | Orc:2    | Reached skill level 1 in Evocations
 32131 | Orc:2    | Found Neyz's Jewellery Emporium.
 32155 | Orc:2    | Found Beitiv's Magic Scroll Shop.
 32247 | Orc:2    | Found a staircase to the Elven Halls.
 32322 | Orc:2    | Reached skill level 1 in Invocations
 32512 | Orc:2    | Found Irghuv's Antique Weapon Shop.
 32589 | Orc:2    | Noticed an orc warlord
 32759 | Orc:2    | Killed an orc warlord
 34018 | Orc:2    | Noticed an orc warlord
 34034 | Orc:2    | Killed an orc warlord
 34232 | Orc:2    | Found Avvunis's Antique Weapon Emporium.
 34236 | Orc:2    | Found Gaverej's Antique Armour Shoppe.
 35393 | D:12     | Reached XP level 16. HP: 114/114 MP: 0/0
 36396 | D:13     | Found a gate to the Vaults.
 36796 | D:13     | Noticed Kirke
 36804 | D:13     | Noticed a sphinx
 36804 | D:13     | Killed Kirke
 38832 | D:15     | Entered Level 15 of the Dungeon
 39344 | D:15     | Reached skill level 5 in Invocations
 39457 | D:15     | Reached XP level 17. HP: 118/121 MP: 0/0
 39457 | D:15     | Learned a level 7 spell: Orb of Destruction
 39738 | D:15     | Found a hazy altar of Hepliaklqana.
 40354 | D:15     | Found a staircase to the Depths.
 40861 | Spider:1 | Entered Level 1 of the Spider Nest
 42179 | Spider:1 | Reached skill level 10 in Shields
 42461 | Spider:1 | Noticed Asterion
 42834 | Spider:1 | Killed Asterion
 44004 | Spider:2 | Reached skill level 14 in Spellcasting
 44784 | Spider:2 | Noticed Frances
 44799 | Spider:2 | Killed Frances
 45934 | Spider:3 | Reached XP level 18. HP: 128/128 MP: 0/0
 46246 | Spider:3 | Noticed Jorgrun
 46250 | Spider:3 | Killed Jorgrun
 47504 | Spider:3 | Reached skill level 15 in Dodging
 48155 | Spider:3 | Acquired a manual of Spellcasting
 48345 | Shoals:1 | Entered Level 1 of the Shoals
 50074 | Shoals:2 | Noticed Polyphemus
 50084 | Shoals:2 | Reached skill level 15 in Spellcasting
 50099 | Shoals:2 | Killed Polyphemus
 50480 | Shoals:2 | Identified the +7 flail of Midsummer {vorpal, rElec Int-2
                  | SInv}
 50637 | Shoals:2 | Noticed Donald
 50642 | Shoals:2 | Killed Donald
 51528 | Shoals:3 | Noticed Mlioglotl
 51543 | Shoals:3 | Reached skill level 16 in Spellcasting
 52096 | Shoals:3 | Reached XP level 19. HP: 135/135 MP: 0/0
 52096 | Shoals:3 | Learned a level 6 spell: Eringya's Noxious Bog
 52242 | Shoals:3 | Killed Mlioglotl
 52355 | Shoals:3 | Reached skill level 5 in Stealth
 52471 | Shoals:3 | Identified the +10 trident of the Supporting Gods {flame,
                  | rF- rC+++ rN+++ Int-5 SInv}
 52594 | Shoals:4 | Entered Level 4 of the Shoals
 52596 | Shoals:4 | Found a one-way gate to the infinite horrors of the Abyss.
 52901 | Shoals:4 | Identified the +3 long sword of Earthquakes {drain, rPois
                  | rC++}
 53677 | Shoals:4 | Found a corrupted altar of Lugonu.
 54060 | Shoals:4 | Identified the ring of Ocecynli {rC+ rCorr MP+9 SInv}
 54403 | Shoals:4 | Identified the ring of Asarchuvu {*Corrode rElec rPois
                  | Str+6 SInv}
 54475 | Shoals:4 | Reached skill level 17 in Spellcasting
 54552 | Shoals:4 | Got a barnacled rune of Zot
 55006 | Spider:4 | Entered Level 4 of the Spider Nest
 56654 | Spider:4 | Reached XP level 20. HP: 143/144 MP: 0/0
 56924 | Spider:4 | Got a gossamer rune of Zot
 57379 | Orc:2    | Bought an amulet of regeneration for 420 gold pieces
 57379 | Orc:2    | Bought the ring of the Red Skies {rPois rN+++ rCorr Dex-2
                  | Slay+4} for 1513 gold pieces
 57616 | Vaults:1 | Entered Level 1 of the Vaults
 57817 | Elf:1    | Entered Level 1 of the Elven Halls
 58648 | Elf:1    | Found Agoilia's General Store.
 58677 | Elf:1    | Found Meaceogu's General Store.
 58685 | Elf:1    | Bought a scroll of silence for 123 gold pieces
 59295 | Elf:2    | Reached skill level 18 in Spellcasting
 59531 | Elf:2    | Found a runed translucent gate.
 59531 | Elf:2    | Found a runed translucent gate.
 59532 | Elf:2    | Found a runed translucent gate.
 60181 | Elf:2    | Noticed a Brimstone Fiend
 60376 | Elf:3    | Entered Level 3 of the Elven Halls
 60421 | Elf:3    | Found Jeic's Assorted Antiques.
 60438 | Elf:3    | Reached XP level 21. HP: 151/151 MP: 0/0
 60438 | Elf:3    | Learned a level 8 spell: Discord
 60876 | Elf:3    | Found Ilupnanuc's General Store.
 60884 | Elf:3    | Bought a potion of mutation for 96 gold pieces
 60975 | Elf:3    | Found Capheph's Neck Hole.
 61010 | Elf:3    | Found Kiosuiniaff's Magic Scroll Shop.
 61142 | Elf:3    | Bought a scroll of fear for 56 gold pieces
 61142 | Elf:3    | Bought a scroll of magic mapping for 105 gold pieces
 61186 | Elf:3    | Found Niekust's Magic Scroll Boutique.
 61441 | Elf:3    | Reached skill level 10 in Invocations
 61870 | Elf:3    | Identified the +9 hand axe of the Median {holy, Fragile
                  | MP+9 Str+4 Int+6}
 61895 | Elf:3    | Identified the +0 leather armour of Agnosticism {rF+
                  | Regen+}
 61915 | Elf:3    | Identified the amulet "Togrep" {RegenMP rPois Will+ Str-5}
 62201 | Elf:3    | Identified the ring "Tivun" {Will+ rCorr Int+2 SInv}
 62210 | Elf:3    | Identified the +6 plate armour "Qusetivo" {rElec}
 62213 | Elf:3    | Identified the +1 hand axe "Jitokitz" {spect, rCorr MP+9
                  | Str+2}
 62411 | Elf:3    | Bought a scroll of immolation for 48 gold pieces
 62411 | Elf:3    | Bought 2 potions of lignification for 72 gold pieces
 62805 | Vaults:1 | Reached XP level 22. HP: 112/159 MP: 0/0
 63274 | Vaults:1 | Upgraded the game from 0.29-a0-1043-g569b05d6ff to
                  | 0.29-a0-1065-g47a6bb87d6
 63737 | Vaults:1 | Noticed Nikola
 63745 | Vaults:1 | Killed Nikola
 64031 | Vaults:1 | Found Keciw's Book Shoppe.
 64184 | Vaults:2 | Reached skill level 19 in Spellcasting
 64197 | Vaults:2 | Identified the +6 great mace of the Original Sin {vorpal,
                  | Int+2}
 64377 | Vaults:2 | Found a flickering gateway to a bazaar.
 64387 | Bazaar   | Entered a bazaar
 64387 | Bazaar   | Found Qealam's General Store.
 64387 | Bazaar   | Found Numil's Distillery.
 64442 | Bazaar   | Bought a scroll of magic mapping for 67 gold pieces
 64442 | Bazaar   | Bought a scroll of teleportation for 27 gold pieces
 64442 | Bazaar   | Bought a potion of curing for 27 gold pieces
 64453 | Bazaar   | Found Mavagh's Antique Weapon Emporium.
 64464 | Bazaar   | Found Useorch's Book Boutique.
 64484 | Bazaar   | Found Ynto's Antique Armour Emporium.
 64492 | Bazaar   | Bought a glowing orb for 252 gold pieces
 64492 | Bazaar   | Bought a glowing cloak for 157 gold pieces
 64492 | Bazaar   | Bought a fine scale mail for 189 gold pieces
 64492 | Bazaar   | Identified the +6 scale mail "Byvigh" {+Blink rC- Dex+4
                  | Stlth+} (You bought it in a shop in a bazaar)
 64564 | Bazaar   | Bought a potion of cancellation for 144 gold pieces
 64564 | Bazaar   | Bought a potion of curing for 54 gold pieces
 64564 | Bazaar   | Bought a potion of mutation for 144 gold pieces
 64620 | Vaults:2 | Found a magical portal.
 64638 | WizLab   | Entered Alistair's Party Mansion
 65455 | WizLab   | Acquired 592 gold pieces
 66844 | Vaults:2 | Reached skill level 15 in Fighting
 66846 | Vaults:2 | Reached XP level 23. HP: 166/166 MP: 0/0
 66846 | Vaults:2 | Learned a level 8 spell: Infestation
 67148 | Vaults:2 | HP: 8/166 [vault warden/+2 long sword (20)]
 67523 | Vaults:2 | Found a staircase to the Crypt.
 69285 | Vaults:3 | Noticed Frederick
 69291 | Vaults:3 | Killed Frederick
 69581 | Vaults:3 | Found Gor Tay's Weapon Shop.
 69675 | Vaults:3 | Reached skill level 20 in Spellcasting
 70011 | Vaults:4 | Found Gosoylaz's Assorted Antiques.
 70307 | Vaults:4 | Found Uvvoadi's Magic Scroll Emporium.
 70318 | Vaults:4 | Reached XP level 24. HP: 157/174 MP: 0/0
 70375 | Vaults:4 | Bought a scroll of blinking for 112 gold pieces
 70375 | Vaults:4 | Bought a scroll of teleportation for 45 gold pieces
 70375 | Vaults:4 | Bought a scroll of teleportation for 45 gold pieces
 70454 | Vaults:4 | Found Myiros's Distillery.
 70458 | Vaults:4 | Bought a potion of curing for 54 gold pieces
 70458 | Vaults:4 | Bought a potion of heal wounds for 90 gold pieces
 70458 | Vaults:4 | Bought a potion of haste for 180 gold pieces
 70458 | Vaults:4 | Bought a potion of haste for 180 gold pieces
 70522 | Vaults:4 | Mangled by an ironbound thunderhulk

Illustrated notes

Levels and vault maps discovered:
D:1:      erik_arrival_triangle_huge, layout_loops_ring, st_stairs_12
D:2:      layout_basic
D:3:      layout_basic, shapermc_ecumenical_altar_hornbeckon
D:4:      layout_rooms, uniq_sigmund
D:5:      nicolae_BIG_FREAKIN_CUBE, layout_basic, minitemple,
          lemuel_round_altar, hex_tiny, uniq_pikel
D:6:      layout_basic, nicolae_overflow_hidden_temple, uniq_maggie,
          uniq_edmund, uniq_blork_the_orc
D:7:      hellmonk_ruined_rings, layout_rooms, minmay_temple_entry_tees
D:8:      layout_basic, uniq_amaemon
D:9:      layout_roguey, gammafunk_temple_overflow_claw, serial_shops, shop,
          hangedman_minor_magic
D:10:     layout_stronghold, dpeg_oklobed_lair, minivault_28
D:11:     layout_small_grid, david_orc_5, special_room [special_room_orc]
D:12:     layout_basic
D:13:     layout_basic, skrybe_vaults_entry_preservation, bh_circular_ruins,
          uniq_kirke
D:14:     layout_cave_pools, grunt_decor_one_mirror
D:15:     hangedman_depths_entry_civil_slaughter, layout_rooms, special_room
          [special_room_mythical_zoo], nicolae_hepliaklqana_hippocampus
Temple:   nicolae_temple_ecumenical_triangle
Lair:1:   layout_chaotic_city
Lair:2:   minmay_lair_oklob_chamber, layout_small_grid,
          hellmonk_spider_entry_life_and_decay, serial_bayou_pond_c,
          beast_lair_carwin_1
Lair:3:   layout_cave_pods, elwin_shoals_entry_stream, serial_bayou_lake_a,
          infiniplex_staircase_pool, lemuel_fruit_tree
Lair:4:   layout_cave_pods, minmay_lair_drake_nest, infiniplex_staircase_pool_2,
          serial_bayou_shore_b
Lair:5:   evilmike_catoblepas_cave, layout_regular_city, slime_entry_1,
          gauntlet_entry_generic, serial_bayou_shore_a
Shoals:1: layout_shoals, nicolae_shoals_siren_and_animal_friends
Shoals:2: layout_shoals, uniq_polyphemus, uniq_donald
Shoals:3: layout_shoals, uniq_mlioglotl
Shoals:4: shoals_end_grunt_ice, layout_shoals, amcnicky_altar_lugonu_corruption
Spider:1: layout_chambers, nicolae_spider_paper_wasps, uniq_asterion
Spider:2: layout_spider_delve, portal_ice_cave_entry_pillars_three, uniq_frances
Spider:3: layout_spider_delve, uniq_jorgrun
Spider:4: guppyfry_spider_rune
Orc:1:    nicolae_orc_accident_3, layout_caves, nicolae_orc_pool_cavern
Orc:2:    grunt_orc_community_town_hall, layout_caves,
          grunt_orc_community_big_house_2, grunt_orc_community_big_house_2,
          grunt_orc_community_house_1, grunt_orc_community_house_2,
          grunt_orc_community_house_1, grunt_orc_community_house_3,
          grunt_orc_community_house_1, grunt_orc_community_house_2, basic_altar,
          serial_shops, shop_fountains, minmay_orc_temple_c
Elf:1:    eino_elf_arrival_the_gate, layout_loops_corners, serial_shops, shop,
          shop, minmay_elf_sorcery, grunt_megastairs_5
Elf:2:    nicolae_elf_blades_crystal_corner, layout_geoelf_octagon
Elf:3:    minmay_elf_hall_four_x, layout_loops_cross, basic_altar, serial_shops,
          shop, shop, shop, shop, nicolae_shop_sticking_my_neck_out
Vaults:1: nicolae_vaults_rhombus_6, nicolae_vaults_ring_of_whatevers,
          vaults_room_large_hall, hangedman_vaults_stream,
          hangedman_vaults_corner, st_cross, ontoclasm_vaults_idyll,
          vaults_dpeg_diagonal, v_misc_8, ontoclasm_vaults_twist,
          nicolae_vaults_sealed_display, ontoclasm_vaults_fault,
          layout_vaults_ring, serial_shops, shop, uniq_nikola
Vaults:2: infiniplex_enter_wizlab_glasses, nicolae_vaults_little_squares_2,
          vaults_room_door_ring, nicolae_vaults_circle_grid_b,
          vaults_dpeg_hooks, ontoclasm_vaults_ligature,
          minmay_crypt_entry_nasty_monster, hangedman_vaults_slice,
          vaults_dpeg_encased_lava, nicolae_vaults_ninety_degrees, v_rooms_1,
          nicolae_vaults_branching_niches, v_misc_2,
          nicolae_vaults_shelves_hall, nicolae_vaults_little_ls,
          layout_vaults_big_cross, serial_shops, freezing_bzr
Vaults:3: ontoclasm_vaults_decontamination, ontoclasm_vaults_chip,
          nicolae_vaults_mini_display_case, nicolae_vaults_statue_guard,
          v_pattern_5, nicolae_vaults_yaktaur_gun_rack, hangedman_vaults_slice,
          hangedman_vaults_stitches, nicolae_vaults_asterisk,
          ontoclasm_vaults_ring_square, nicolae_vaults_diagonal_hallway_8,
          layout_vaults_omnibox, serial_shops, shop, uniq_frederick
Vaults:4: v_misc_24, nicolae_vaults_octagons,
          vaults_standard_mumra_enter_the_diamond, nicolae_vaults_puzzle_piece,
          vaults_mumra_hexcomb, ontoclasm_vaults_eye, layout_vaults_omnigrid,
          serial_shops, shop, nicolae_diamond_shop, nicolae_shop_behind_doors

Skill      XL: |  1  2  3  4  5  6  7  8  9 10 11 12 13 14 15 16 17 18 19 20 21 22 23 |
---------------+----------------------------------------------------------------------+-----
Spellcasting   | 3 4 5 6 7 8 9 11 12 13 14 16 17 18 19 20 | 20.1
Dodging        | 3 4 5 6 7 8 9 10 11 13 14 15 16 17 18 19 | 19.0
Fighting       | 1 2 3 4 5 6 7 8 9 10 11 12 13 14 15 | 15.6
Stealth        | 2 3 4 5 |  5.6
Armour         | 1 2 3 5 6 8 9 10 11 | 11.2
Staves         | 1 2 4 5 6 8 9 |  9.7
Shields        | 3 5 7 9 10 11 12 13 | 13.7
Evocations     | 1 2 |  2.3
Invocations    | 2 5 6 7 8 9 10 11 12 | 12.2

Action                   |  1- 3 |  4- 6 |  7- 9 | 10-12 | 13-15 | 16-18 | 19-21 | 22-24 || total
-------------------------+-------+-------+-------+-------+-------+-------+-------+-------++-------
Melee: Unarmed           |     5 |       |       |       |       |       |       |       ||     5
       Short sword       |       |     8 |       |       |       |       |       |       ||     8
       Quarterstaff      |       |     6 |    13 |    36 |     6 |       |       |       ||    61
       Demon whip        |       |       |       |     1 |     2 |       |       |       ||     3
       Staff             |       |       |       |       |   180 |    69 |    81 |   103 ||   433
 Cast: Foxfire           |    79 |   104 |   134 |   170 |   529 |   153 |     6 |    35 ||  1210
       Scorch            |     2 |    11 |    26 |    25 |    80 |    17 |     6 |     9 ||   176
       Searing Ray       |       |     4 |    11 |    49 |    65 |    40 |    17 |     4 ||   190
       Conjure Flame     |       |     2 |    11 |    11 |     1 |     7 |       |     2 ||    34
       Inner Flame       |       |     1 |     6 |     6 |     3 |     4 |     1 |       ||    21
       Summon Lightning  |       |       |     4 |    47 |    73 |    41 |     5 |     4 ||   174
       Vampiric Draining |       |       |       |    19 |     5 |     7 |       |       ||    31
       Summon Small Mamm |       |       |       |    13 |       |     1 |       |       ||    14
       Flame Wave        |       |       |       |     9 |    69 |   115 |    81 |    68 ||   342
       Fireball          |       |       |       |     5 |    35 |    88 |    69 |    11 ||   208
       Metabolic Englaci |       |       |       |       |    29 |    14 |     3 |     1 ||    47
       Statue Form       |       |       |       |       |    26 |    42 |    22 |     8 ||    98
       Orb of Destructio |       |       |       |       |       |   113 |   266 |   106 ||   485
       Eringya's Noxious |       |       |       |       |       |       |    32 |    12 ||    44
       Discord           |       |       |       |       |       |       |     4 |    66 ||    70
       Infestation       |       |       |       |       |       |       |       |    21 ||    21
Invok: Lesser Servant of |       |       |       |       |       |     1 |       |       ||     1
Evoke: Wand              |       |       |       |     1 |       |     2 |       |     8 ||    11
       Condenser vane    |       |       |       |       |       |     1 |       |       ||     1
  Use: Scroll            |       |     5 |     2 |    10 |    18 |    19 |     6 |     5 ||    65
       Potion            |       |       |       |     1 |     2 |     2 |     8 |     1 ||    14
 Stab: Sleeping          |       |       |       |     1 |       |       |       |       ||     1
       Distracted        |       |       |       |       |     2 |     2 |       |     1 ||     5
Armor: Robe              |    13 |     3 |       |       |       |    45 |    26 |    11 ||    98
       Ring mail         |       |     5 |    12 |    67 |    95 |    34 |       |       ||   213
       Skin              |       |       |       |       |    95 |   116 |   118 |    66 ||   395
Dodge: Dodged            |    35 |    43 |    47 |   138 |   343 |   567 |   302 |   250 ||  1725
       Repelled          |       |       |       |       |       |       |    17 |     4 ||    21
Block: Buckler           |       |       |       |       |   194 |   292 |       |       ||   486
       Kite shield       |       |       |       |       |       |    76 |   360 |   334 ||   770

Table legend: (Time is in decaauts)
 A = Elapsed time spent in this place.
 B = Non-inter-level travel time spent in this place.
 C = Inter-level travel time spent in this place.
 D = Time resting spent in this place.
 E = Time spent auto-exploring this place.
 F = Levels seen in this place.
 G = Mean time per level.
                   A        B        C        D        E       F      G
               +--------+--------+--------+--------+--------+-----+--------+
         Total |  73224 |  62191 |  11033 |  16129 |  34308 |  40 | 1830.6 |
       Dungeon |  27992 |  23478 |   4514 |   7347 |  12131 |  15 | 1866.1 |
        Temple |     65 |      1 |     64 |      0 |      0 |   1 |   65.0 |
          Lair |  10850 |   9585 |   1265 |   2602 |   5645 |   5 | 2170.0 |
        Shoals |   6463 |   5925 |    538 |   1452 |   3478 |   4 | 1615.8 |
   Spider Nest |   9673 |   8574 |   1099 |   2215 |   5118 |   4 | 2418.2 |
  Orcish Mines |   5297 |   3879 |   1418 |   1066 |   1803 |   2 | 2648.5 |
   Elven Halls |   5133 |   4070 |   1063 |    439 |   2366 |   3 | 1711.0 |
        Vaults |   6659 |   5591 |   1068 |    740 |   3433 |   4 | 1664.8 |
        Bazaar |    199 |    199 |      0 |     48 |     36 |   1 |  199.0 |
        Wizlab |    887 |    887 |      0 |    219 |    295 |   1 |  887.0 |
               +--------+--------+--------+--------+--------+-----+--------+

Top non-repeatable levels by time:
   Orc:2: 3687 daAuts
    D:10: 3270 daAuts
Spider:1: 3119 daAuts
Spider:2: 2971 daAuts
  Lair:2: 2885 daAuts
     D:9: 2656 daAuts
  Lair:5: 2653 daAuts
     D:5: 2612 daAuts
     D:8: 2539 daAuts
Vaults:2: 2377 daAuts
    D:11: 2334 daAuts
  Lair:3: 2276 daAuts
    D:13: 2268 daAuts
Spider:3: 2163 daAuts
   Elf:1: 2091 daAuts
